 Dungeon Crawl Stone Soup version 0.21-a0-496-g696f58f (webtiles) character file.

275985 4thArraOfDagon the Eclecticist (level 19, -7/107 HPs)
             Began as a Deep Elf Fire Elementalist on Nov 23, 2017.
             Was the Champion of Vehumet.
             Splashed by an acid blob's acid (9 damage)
             ... on level 2 of the Pits of Slime.
             The game lasted 02:25:28 (17597 turns).

4thArraOfDagon the Eclecticist (DEFE)              Turns: 17597, Time: 02:25:29

Health: -7/107     AC: 15    Str: 12    XL:     19   Next: 57%
Magic:  40/54      EV: 18    Int: 42    God:    Vehumet [******]
Gold:   1343       SH:  0    Dex: 15    Spells: 9/59 levels left

rFire    + . .     SeeInvis .   z - +5 scythe (slice)
rCold    + . .     Gourm    .   (shield currently unavailable)
rNeg     . . .     Faith    .   R - +2 robe {Archmagi}
rPois    .         Spirit   .   j - +4 helmet "Degixkee" {rF+ Str+3 Int+7}
rElec    .         Reflect  .   Q - +0 cloak of Eschadghukhy {Str+4}
rCorr    .         Harm     .   x - +2 pair of gloves
MR       +....                  F - +2 pair of boots of the Assassin {Detection Stab+ Stlth++}
Stlth    ++++++....             I - amulet of regeneration
HPRegen  0.67/turn              a - ring of magical power
MPRegen  0.34/turn              i - +6 ring of intelligence

@: corroded
A: iridescent scales 1, cold resistance 1, mutation resistance 1, screaming 1
}: 2/15 runes: decaying, serpentine
a: Renounce Religion


You were on level 2 of the Pits of Slime.
You worshipped Vehumet.
Vehumet was exalted by your worship.
You were full.

You visited 8 branches of the dungeon, and saw 37 of its levels.
You visited the Abyss 1 time.
You also visited: Sewer.

You collected 3271 gold pieces.
You spent 1928 gold pieces at shops.

Inventory:

Hand Weapons
 z - a +5 scythe of slicing (weapon)
Missiles
 U - a throwing net (quivered)
Armour
 h - the +8 orange crystal plate armour {Archmagi, Int+3 Clar}
   (You found it on level 1 of the Elven Halls)

   It affects your intelligence (+3).
   It protects you against confusion.
 j - the +4 helmet "Degixkee" (worn) {rF+ Str+3 Int+7}
   (You found it on level 1 of the Swamp)

   It affects your strength (+3).
   It affects your intelligence (+7).
   It protects you from fire.
 x - a +2 pair of gloves (worn)
 F - the +2 pair of boots of the Assassin (worn) {Detection Stab+ Stlth++}
   (You acquired it on level 11 of the Dungeon)

   It makes you much more stealthy.
 Q - the +0 cloak of Eschadghukhy (worn) {Str+4}
   (You found it on level 4 of the Snake Pit)

   It affects your strength (+4).
 R - a +2 robe of the Archmagi (worn)
 S - +0 swamp dragon scales
Jewellery
 a - a ring of magical power (left hand)
 e - an uncursed ring of protection from cold
 f - an uncursed ring of protection from fire
 i - a +6 ring of intelligence (right hand)
 s - the ring of Netasch {rN+ Stlth-}
   (You took it off a deep elf death mage on level 3 of the Elven Halls)

   [ring of loudness]

   It protects you from negative energy.
   It makes you less stealthy.
 I - an amulet of regeneration (around neck)
 O - the ring of Tiqy {Wiz Int+2}
   (You took it off a deep elf death mage on level 3 of the Elven Halls)

   [ring of wizardry]

   It improves your spell success rate.
   It affects your intelligence (+2).
Wands
 b - a wand of scattershot (8)
 k - a wand of paralysis (50)
 o - a wand of clouds (9)
 G - a wand of iceblast (8)
 T - a wand of digging (11)
 Z - a wand of acid (6)
Scrolls
 g - 11 scrolls of remove curse
 n - 2 scrolls of enchant armour
 q - 4 scrolls of teleportation
 r - a scroll of magic mapping
 u - 2 scrolls of fog
 A - a scroll of identify
 H - 4 scrolls of noise
 W - 2 scrolls of amnesia
 X - a scroll of torment
Potions
 t - 3 potions of heal wounds
 v - 5 potions of flight
 w - 5 potions of curing
 B - 9 potions of brilliance
 C - a potion of agility
 D - 3 potions of mutation
 E - 3 potions of ambrosia
 J - 5 potions of haste
 K - a potion of lignification
 M - 3 potions of might
 V - 3 potions of cancellation
Books
 d - a book of Transfigurations

   Spells                             Type                      Level
   a - Irradiate                      Conjuration/Transmutation    5
   b - Statue Form                    Transmutation/Earth          6
   c - Hydra Form                     Transmutation                6
   d - Dragon Form                    Transmutation                7
 L - a book of Power

   Spells                             Type                      Level
   a - Iskenderun's Battlesphere      Conjuration/Charms           5
   b - Venom Bolt                     Conjuration/Poison           5
   c - Bolt of Magma                  Conjuration/Fire/Earth       5
   d - Iron Shot                      Conjuration/Earth            6
   e - Orb of Destruction             Conjuration                  7
   f - Spellforged Servitor           Conjuration/Summoning        7
Miscellaneous
 m - 2 sacks of spiders
 y - a box of beasts
 N - a phantom mirror
 P - a crystal ball of energy
 Y - a fan of gales
Comestibles
 c - 14 bread rations
 l - 9 meat rations
 p - 6 royal jellies


   Skills:
 - Level 8.0 Fighting
 + Level 5.7 Armour
 - Level 9.0 Dodging
 - Level 10.1 Stealth
 + Level 20.6 Spellcasting
 - Level 19.5 Conjurations
 - Level 19.3 Fire Magic


You had 9 spell levels left.
You knew the following spells:

 Your Spells              Type           Power        Failure   Level  Hunger
a - Bolt of Fire          Conj/Fire      ########..   1%          6    None
b - Conjure Flame         Conj/Fire      ########     0%          3    None
c - Sticky Flame          Conj/Fire      ########     0%          4    None
d - Fireball              Conj/Fire      ########..   0%          5    None
e - Orb of Destruction    Conj           ########..   1%          7    None
f - Iron Shot             Conj/Erth      ########..   1%          6    None
g - Apportation           Tloc           ######       1%          1    None
h - Regeneration          Chrm/Necr      ######....   1%          3    None
i - Passage of Golubria   Tloc           N/A          4%          4    None
j - Blink                 Tloc           N/A          1%          2    None
k - Fire Storm            Conj/Fire      ########..   3%          9    ####...


Dungeon Overview and Level Annotations

Branches:
Dungeon (15/15)            Temple (1/1) D:6            Lair (6/6) D:9
  Swamp (4/4) Lair:2        Snake (4/4) Lair:2        Slime (2/5) Lair:6
    Orc (2/2) D:12            Elf (3/3) Orc:2        Vaults (0/5) D:13
 Depths: D:15

Altars:
Ashenzari
Cheibriados
Dithmenos
Elyvilon
Fedhas
Gozag
Hepliaklqana
Kikubaaqudgha
Makhleb
Nemelex Xobeh
Okawaru
Qazlal
Ru
Trog
Uskayaw
Vehumet
Yredelemnul
Zin
The Shining One
Beogh
Jiyva

Shops:
D:5 =   D:7 %[*([   D:13 !   Orc:2 }!}[   Elf:1 ![%

Portals:
Trove: Elf:3 (give +4 fire dragon scales)

Annotations:
D:7 galech's ghost, novice TrMo


Innate Abilities, Weirdness & Mutations

You are partially covered in iridescent scales. (AC +2)
Your flesh is cold resistant. (rC+)
You are somewhat resistant to further mutation.
You occasionally shout uncontrollably at your foes.


Message History

The iron shot hits the eye of devastation.
You kill the eye of devastation!
Vehumet accepts your kill.
You feel your power returning.
The orb of destruction hits the acid blob.
The acid blob is severely wounded.
The acid blob spits acid at you. The splash of acid hits you!
You are splashed with acid!
The acid burns!
* * * LOW HITPOINT WARNING * * *
An acid blob comes into view.
The acid blob spits acid at you. The splash of acid hits you!
* * * LOW HITPOINT WARNING * * *
You are splashed with acid!
The acid burns!
* * * LOW HITPOINT WARNING * * *
The acid blob spits acid at you. The splash of acid hits you!
* * * LOW HITPOINT WARNING * * *
You are splashed with acid!
The acid burns!
You die...

##
##.........
##.
.#....<..#
...
....§J..##
... ...§....#
#.#..§....#
##.#.§...#
##....§..#...
#....@.......
##...........
##.##.......
#.. ......J
## .......
..#....
.#.....
..#....


You could see 2 acid blobs.

Vanquished Creatures
  Jorgrun (Snake:3)
  Asterion (Elf:1)
  2 deep elf blademasters (Elf:3)
  2 deep elf master archers (Elf:3)
  Gastronok (Lair:3)
  A tentacled starspawn (Abyss:3)
  2 thorn hunters (Swamp:4)
  5 nagarajas (Snake:4)
  Donald (Elf:2)
  8 deep elf sorcerers
  A deep elf elementalist (Elf:3)
  7 deep elf demonologists
  10 deep elf annihilators
  A large abomination (Elf:3)
  11 deep elf death magi (Elf:3)
  Josephine (D:10)
  3 deep elf high priests
  2 rakshasas
  11 naga warriors
  16 hydras
  A ghost crab (Swamp:3)
  3 anacondas (Snake:4)
  4 two-headed ogres
  A catoblepas (Lair:6)
  2 centaur warriors
  3 alligators
  A deep troll shaman (Lair:6)
  6 dancing weapons
  An orc high priest (Orc:2)
  A hell hog (Abyss:2)
  5 death yaks (Lair:6)
  3 ogre magi (Orc:2)
  A thrashing horror (Abyss:3)
  2 shock serpents (Snake:2)
  12 naga sharpshooters
  15 deep elf knights
  5 spriggans
  A spriggan druid (Swamp:4)
  A deep troll (D:15)
  6 salamander mystics
  2 naga ritualists (Snake:4)
  An unseen horror (D:12)
  2 shambling mangroves
  A harpy (shapeshifter) (Elf:1)
  9 swamp dragons
  3 lindwurms (Swamp:4)
  Pikel (D:7)
  17 deep elf archers
  9 ugly things
  50 deep elf magi
  2 mana vipers (Snake:4)
  8 orc sorcerers
  7 salamanders
  A worldbinder (Abyss:2)
  2 cyclopes
  A manticore (D:12)
  9 elephants
  An eye of devastation (Slime:2)
  6 guardian serpents
  9 naga magi
  An apocalypse crab (Abyss:3)
  18 black mambas
  17 spiny frogs
  6 komodo dragons
  A yaktaur (shapeshifter) (Elf:2)
  3 rime drakes
  2 efreet
  A guardian mummy (Elf:3)
  2 polar bears (Lair:6)
  6 trolls
  6 hornets
  Grinder (D:4)
  8 hippogriffs
  Prince Ribbit (D:7)
  9 tyrant leeches
  21 blink frogs
  6 bog bodies
  9 slime creatures
  7 dream sheep (Lair:5)
  A raiju (Abyss:2)
  10 air elementals
  A centaur simulacrum (D:14)
  Sigmund (D:2)
  A shadow (D:13)
  2 water elementals (Elf:2)
  4 wraiths
  A ynoxinul (Abyss:2)
  A vampire (Abyss:2)
  4 fire elementals
  3 basilisks (Lair:2)
  A human (D:12)
  6 wyverns
  28 yaks
  Eustachio (D:4)
  3 hungry ghosts
  13 vampire mosquitoes
  7 insubstantial wisps (Swamp:4)
  3 wargs
  44 nagas
  2 acid dragons (D:13)
  12 swamp worms
  9 water moccasins
  2 hell hounds (D:9)
  15 orc warriors
  4 porcupines
  7 swamp drakes
  2 ice beasts
  A black bear (D:9)
  A hornet zombie (D:10)
  A sky beast (D:7)
  2 eyes of draining (D:8)
  11 ogres
  3 phantoms
  41 wolves
  15 centaurs
  14 crocodiles
  4 big kobolds
  16 bullfrogs
  4 earth elementals
  A small abomination (Abyss:2)
  11 killer bees
  6 scorpions
  A water moccasin skeleton (D:12)
  4 wights (D:7)
  4 crimson imps
  A bullfrog zombie (D:9)
  2 centaur zombies
  3 hounds
  8 jellies
  14 orc priests
  3 bullfrog skeletons
  36 orc wizards
  4 centaur skeletons
  5 iguanas
  8 worker ants
  A worker ant zombie (D:7)
  9 gnolls
  A howler monkey skeleton (D:10)
  16 adders
  A river rat (D:6)
  3 shadow imps
  6 oozes
  An adder skeleton (D:5)
  2 adder zombies
  5 worms
  7 leopard geckos
  78 orcs
  A ball python (D:5)
  A bat (D:1)
  6 giant cockroaches
  10 goblins
  9 hobgoblins
  7 jackals
  4 quokkas
  3 frilled lizards
  A jackal zombie (D:7)
  25 kobolds
  3 leopard gecko skeletons
  A leopard gecko zombie (D:7)
  2 quokka skeletons
  15 rats
  A bush (Lair:6)
  2 fungi (Lair:6)
  A plant (Lair:6)
1061 creatures vanquished.

Vanquished Creatures (collateral kills)
  A nagaraja (Snake:4)
  A naga warrior (Snake:4)
  A mana viper (Snake:4)
  A naga (Snake:4)
4 creatures vanquished.

Vanquished Creatures (others)
  35 fire vortices
  4 fungi
  2 plants (Lair:6)
41 creatures vanquished.

Grand Total: 1106 creatures vanquished

Notes
Turn   | Place    | Note
-------+----------+-------------------------------------------
     0 | D:1      | 4thArraOfDagon the Deep Elf Fire Elementalist began the quest for the Orb.
     0 | D:1      | Reached XP level 1. HP: 10/10 MP: 6/6
     0 | D:1      | 4thArraOfDagon: throw me some RAM chart
    92 | D:2      | p0werm0de: RAM?
    92 | D:2      | Reached XP level 2. HP: 11/15 MP: 5/8
   103 | D:2      | p0werm0de: https://www.youtube.com/watch?v=XQmzaQhZjfE&list=RDXQmzaQhZjfE&t=117
   125 | D:1      | p0werm0de: bit slo w;D
   158 | D:1      | 4thArraOfDagon: drink some coffee man :D
   172 | D:1      | p0werm0de: ye i m at it
   196 | D:1      | p0werm0de: and then try to streak
   202 | D:1      | p0werm0de: prob die d2
   249 | D:1      | 4thArraOfDagon: xom streak?
   280 | D:1      | p0werm0de: mhh probably bad idea but why not
   320 | D:1      | 4thArraOfDagon: no, just no :(
   320 | D:1      | p0werm0de: last game was xom
   320 | D:1      | p0werm0de: was alright
   323 | D:2      | Reached XP level 3. HP: 19/19 MP: 4/9
   337 | D:1      | 4thArraOfDagon: what are you, xom specialist?
   337 | D:1      | 4thArraOfDagon: junior Xom specialist
   411 | D:2      | p0werm0de: ye actually i dont know his mechanics that well
   417 | D:2      | p0werm0de: i just play it alot
   432 | D:3      | p0werm0de: https://crawl.develz.org/tavern/viewtopic.php?f=8&t=23198
   472 | D:3      | Noticed an ogre
   477 | D:3      | Learned a level 3 spell: Conjure Flame
   481 | D:3      | p0werm0de: !lg . xom won
   485 | D:3      | beem: 54. p0werm0de the Sensei (L27 TeAr of Xom), escaped with the Orb and 15 runes on 2017-11-23 04:12:40, with 29530430 points after 50316 turns and 6:04:56.
   488 | D:3      | Killed an ogre
   488 | D:3      | Reached skill level 4 in Spellcasting
   488 | D:3      | Reached XP level 4. HP: 11/24 MP: 4/12
   494 | D:3      | p0werm0de: !won xom
   496 | D:3      | beem: xom has won 12 times in 1190 games (1.01%): 4xHOFi 1xDDHu 1xDsMo 1xHEAE 1xHuBe 1xKoAr 1xKoAs 1xOgFi 1xTrWr
   501 | D:3      | Learned a level 4 spell: Sticky Flame
   502 | D:3      | p0werm0de: !won . xom
   502 | D:3      | beem: p0werm0de (xom) has won 54 times in 3018 games (1.79%): 15xDsCK 3xNaCK 3xOgCK 3xVSCK 2xCeCK 2xDrCK 2xMiCK 2xOpCK 2xTeCK 1xBaCK 1xDECK 1xDsEn 1xFeCK 1xFoCK 1xGhCK 1xGnCK 1xGrCK 1xHECK 1xHOCK 1xHaCK 1xHuCK 1xKoCK 1xMfCK 1xMuCK 1xOpMo 1xSpCK 1xTeAr 1xTrCK 1xVpCK
   532 | D:3      | p0werm0de: ye 54
   532 | D:3      | p0werm0de: ~~
   532 | D:3      | 4thArraOfDagon: !won . xom
   532 | D:3      | beem: 4thArraOfDagon (xom) has won 3 times in 209 games (1.44%): 1xBaAM 1xMiCK 1xTrWr
   532 | D:3      | 4thArraOfDagon: that places you as a certified Xom engineer :)
   624 | D:4      | Reached XP level 5. HP: 27/28 MP: 3/13
   699 | D:4      | Noticed a phantom
   737 | D:4      | Killed a phantom
   737 | D:4      | Reached skill level 5 in Fire Magic
   812 | D:4      | Reached XP level 6. HP: 32/32 MP: 7/14
   890 | D:5      | Entered Level 5 of the Dungeon
  1098 | D:5      | 4thArraOfDagon: aannoying shit (
  1205 | D:5      | p0werm0de: im rly bad at deep elf
  1213 | D:5      | p0werm0de: you going vehu?
  1220 | D:5      | 4thArraOfDagon: ye
  1220 | D:5      | 4thArraOfDagon: or sif
  1220 | D:5      | p0werm0de: kk
  1220 | D:5      | 4thArraOfDagon: whatever comes first
  1274 | D:5      | Noticed an ice beast
  1278 | D:6      | :O
  1324 | D:5      | You fall through a shaft for 2 floors!
  1324 | D:7      | Found Caewyuc's Antique Armour Shoppe.
  1349 | D:7      | Noticed a sky beast
  1357 | D:7      | Reached skill level 5 in Spellcasting
  1388 | D:7      | Found Beaddentar's Antique Weapon Shop.
  1393 | D:7      | Noticed an orc warrior
  1426 | D:7      | Found Xisukhi's Assorted Antiques.
  1432 | D:7      | Killed a sky beast
  1432 | D:7      | Reached skill level 5 in Conjurations
  1432 | D:7      | Reached XP level 7. HP: 36/36 MP: 11/16
  1458 | D:7      | Bought 2 scrolls labeled FOTECIF NETIA for 52 gold pieces
  1458 | D:7      | Bought a scroll labeled VYUMEA BAEGGUY for 26 gold pieces
  1458 | D:7      | Bought a scroll labeled QIEVOB WAMP for 26 gold pieces
  1594 | D:6      | Found a staircase to the Ecumenical Temple.
  1601 | Temple   | Entered the Ecumenical Temple
  1636 | Temple   | Became a worshipper of Vehumet
  1742 | D:6      | Found a glowing drain.
  1746 | Sewer    | Entered a sewer
  1792 | Sewer    | Learned a level 5 spell: Fireball
  1851 | Sewer    | Found a white marble altar of Elyvilon.
  2238 | D:3      | Reached skill level 6 in Spellcasting
  2292 | D:2      | Reached * piety under Vehumet
  2292 | D:2      | Offered knowledge of Magic Dart by Vehumet.
  2523 | D:2      | Noticed Sigmund
  2548 | D:2      | Killed Sigmund
  2548 | D:2      | Reached XP level 8. HP: 27/41 MP: 6/19
  2765 | D:4      | Noticed Grinder
  2785 | D:4      | Killed Grinder
  2948 | D:5      | Noticed Eustachio
  2952 | D:5      | Reached skill level 7 in Spellcasting
  2963 | D:4      | Killed Eustachio
  2973 | D:5      | Found Miniosy's Jewellery Shoppe.
  3015 | D:5      | Offered knowledge of Shock by Vehumet.
  3067 | D:5      | Reached ** piety under Vehumet
  3394 | D:6      | Reached XP level 9. HP: 45/45 MP: 20/22
  3494 | D:7      | Noticed galech's ghost (novice TrMo)
  3637 | D:7      | Noticed Prince Ribbit
  3648 | D:7      | Killed Prince Ribbit
  3648 | D:7      | Reached skill level 8 in Spellcasting
  3684 | D:7      | Found Tavacky's Food Shop.
  3720 | D:7      | Noticed Pikel
  3727 | D:7      | Killed Pikel
  3807 | D:7      | Found Luiked's Antique Armour Shop.
  3812 | D:7      | Bought a pair of ichor-stained boots for 275 gold pieces
  3822 | D:7      | Identified the +0 pair of boots of Existentialism {Dex+2} (You bought it in a shop on level 7 of the Dungeon)
  3881 | D:7      | Reached skill level 10 in Fire Magic
  3977 | D:8      | Offered knowledge of Static Discharge by Vehumet.
  4006 | D:8      | Found a burning altar of Makhleb.
  4015 | D:8      | Noticed a two-headed ogre
  4034 | D:8      | Killed a two-headed ogre
  4034 | D:8      | Reached skill level 9 in Spellcasting
  4034 | D:8      | Reached skill level 10 in Conjurations
  4034 | D:8      | Reached XP level 10. HP: 50/50 MP: 17/25
  4065 | D:8      | Reached *** piety under Vehumet
  4314 | D:8      | Offered knowledge of Stone Arrow by Vehumet.
  4395 | D:8      | Noticed a two-headed ogre
  4412 | D:8      | Killed a two-headed ogre
  4423 | D:8      | Found a bloodstained altar of Trog.
  4589 | D:8      | Learned a level 7 spell: Orb of Destruction
  4615 | D:8      | Learned a level 6 spell: Iron Shot
  4708 | D:9      | Reached skill level 10 in Spellcasting
  4712 | D:9      | Reached **** piety under Vehumet
  4764 | D:9      | Offered knowledge of Fulminant Prism by Vehumet.
  5059 | D:10     | Entered Level 10 of the Dungeon
  5238 | D:10     | Reached XP level 11. HP: 54/54 MP: 19/27
  5324 | D:10     | Noticed Josephine
  5329 | D:10     | Killed Josephine
  5509 | D:9      | Reached skill level 11 in Spellcasting
  5861 | D:11     | Reached ***** piety under Vehumet
  6032 | D:12     | Noticed an unseen horror
  6035 | D:12     | Killed an unseen horror
  6041 | D:12     | Offered knowledge of Yara's Violent Unravelling by Vehumet.
  6064 | D:12     | Learned a level 1 spell: Apportation
  6240 | D:12     | Found a staircase to the Orcish Mines.
  6340 | D:12     | Learned a level 3 spell: Regeneration
  6404 | D:13     | Noticed a rakshasa
  6430 | D:13     | Killed a rakshasa
  6477 | D:13     | Noticed a seven-headed hydra
  6483 | D:13     | Killed a seven-headed hydra
  6563 | D:13     | Noticed a two-headed ogre
  6575 | D:13     | Killed a two-headed ogre
  6575 | D:13     | Reached XP level 12. HP: 57/59 MP: 6/29
  6605 | D:13     | Reached skill level 12 in Spellcasting
  6632 | D:13     | Noticed a centaur warrior
  6641 | D:13     | Killed a centaur warrior
  6785 | D:13     | Found Yddeiw's Distillery.
  6793 | D:13     | Bought a potion of heal wounds for 55 gold pieces
  6793 | D:13     | Bought a potion of haste for 110 gold pieces
  6793 | D:13     | Bought a potion of heal wounds for 55 gold pieces
  6793 | D:13     | Bought a potion of agility for 44 gold pieces
  6793 | D:13     | Bought a potion of brilliance for 44 gold pieces
  6857 | D:13     | Found a gate to the Vaults.
  7075 | D:15     | Entered Level 15 of the Dungeon
  7106 | D:15     | Offered knowledge of Bolt of Fire by Vehumet.
  7112 | D:15     | Noticed a centaur warrior
  7206 | D:14     | Noticed a centaur warrior
  7210 | D:14     | Killed a centaur warrior
  7250 | D:14     | Gained mutation: You are covered in fur. (AC +1) [mutagenic meat]
  7251 | D:14     | Gained mutation: Armour fits poorly on your strangely shaped body. [mutagenic meat]
  7252 | D:14     | Gained mutation: You are frail. (-10% HP) [mutagenic meat]
  7253 | D:14     | Gained mutation: You have a pair of small horns on your head. [mutagenic meat]
  7254 | D:14     | Gained mutation: You possess an exceptional clarity of mind. [mutagenic meat]
  7291 | D:14     | Lost mutation: You are frail. (-10% HP) [mutagenic meat]
  7292 | D:14     | Gained mutation: Your spells are a little harder to cast, but a little more powerful. [mutagenic meat]
  7293 | D:14     | Gained mutation: Your flesh is cold resistant. (rC+) [mutagenic meat]
  7324 | D:15     | Noticed a two-headed ogre
  7324 | D:15     | Killed a two-headed ogre
  7328 | D:15     | Noticed an ettin
  7329 | D:15     | Noticed an ogre mage
  7329 | D:15     | Noticed a two-headed ogre
  7476 | D:13     | Bought a potion of curing for 33 gold pieces
  7476 | D:13     | Bought a potion of curing for 33 gold pieces
  7520 | Orc:1    | Entered Level 1 of the Orcish Mines
  7531 | Orc:1    | Reached skill level 13 in Spellcasting
  7617 | Orc:2    | Entered Level 2 of the Orcish Mines
  7627 | Orc:2    | Noticed an orc high priest
  7629 | Orc:2    | Killed an orc high priest
  7671 | Orc:2    | Found a staircase to the Elven Halls.
  7744 | Orc:1    | Paralysed by an orc sorcerer for 2 turns
  7768 | Orc:1    | Reached XP level 13. HP: 39/63 MP: 4/32
  7994 | Orc:2    | Reached skill level 15 in Conjurations
  8068 | Orc:2    | Found Zis Taer's Antique Armour Shop.
  8125 | Orc:2    | Found a radiant altar of Vehumet.
  8133 | Orc:2    | Offered knowledge of Conjure Ball Lightning by Vehumet.
  8138 | Orc:2    | Reached skill level 15 in Fire Magic
  8144 | Orc:2    | Found Feesh's Distillery.
  8176 | Orc:2    | Bought a potion of heal wounds for 75 gold pieces
  8176 | Orc:2    | Bought a potion of brilliance for 60 gold pieces
  8176 | Orc:2    | Bought a potion of brilliance for 60 gold pieces
  8184 | Orc:2    | Found an ancient bone altar of Kikubaaqudgha.
  8253 | Orc:2    | Found a roughly hewn altar of Beogh.
  8253 | Orc:2    | Found Nulaofukk's Gadget Shop.
  8260 | Orc:2    | Found Hiutef's Gadget Boutique.
  8299 | Orc:2    | Bought a potion of haste for 150 gold pieces
  8299 | Orc:2    | Bought a potion of ambrosia for 120 gold pieces
  8323 | Orc:2    | Bought a shadowed robe for 182 gold pieces
  8335 | Orc:2    | Identified the +1 robe "Ypra" {+Inv rC++ Int+3 Stlth-} (You bought it in a shop on level 2 of the Orcish Mines)
  8404 | Elf:1    | Entered Level 1 of the Elven Halls
  8404 | Elf:1    | Found the +8 orange crystal plate armour {Archmagi, Int+3 Clar}
  8404 | Elf:1    | Noticed a deep elf sorcerer
  8406 | Elf:1    | Killed a deep elf sorcerer
  8406 | Elf:1    | Reached skill level 1 in Fighting
  8555 | Elf:1    | Found Keno's Food Shop.
  8711 | Elf:1    | Reached skill level 5 in Dodging
  8823 | Elf:1    | Noticed a deep elf demonologist
  8829 | Elf:1    | Killed a deep elf demonologist
  8925 | Elf:1    | Noticed a deep elf annihilator
  8926 | Elf:1    | Killed a deep elf annihilator
  8953 | Elf:1    | Found Wuill's Distillery.
  8959 | Elf:1    | Noticed Asterion
  9037 | Elf:1    | 4thArraOfDagon: ?%%Asterion
  9037 | Elf:1    | 4thArraOfDagon: %??Asterion
  9037 | Elf:1    | beem: Asterion (H)
                  | Spd:
    10 | HD: 15   | HP: 105-149
                  | AC/EV: 10/1 (headbutt: d20-1)
                  | Dam: 35, 20
                  | natural, weapons, items, doors, priest, evil, see invisible
                  | Res: magic(100)
                  | Vul: silver
                  | XP: 2633
                  | Sp: major destruction (3d6 / 3d27 / 3d20 / 3d24 / 3d28 / 3d25 / 3d22)
  9037 | Elf:1    | beem: ..[!AM], g.s.makhleb [!AM], haste [!AM]
                  | Sz: Medium
                  | Int: human.
  9043 | Elf:1    | Reached skill level 5 in Fighting
  9112 | Elf:3    | Entered Level 3 of the Elven Halls
  9129 | Elf:3    | Reached XP level 14. HP: 45/78 MP: 23/33
  9419 | Elf:2    | Noticed a deep elf sorcerer
  9512 | Elf:1    | Noticed an Executioner
  9512 | Elf:1    | Killed Asterion
  9579 | Elf:1    | Bought a potion of brilliance for 64 gold pieces
  9579 | Elf:1    | Bought a potion of brilliance for 64 gold pieces
  9589 | Elf:1    | Found Gavuk's Armour Shoppe.
  9665 | Elf:1    | Offered knowledge of Irradiate by Vehumet.
  9751 | Elf:1    | Got a brightly glowing whip
  9752 | Elf:1    | Identified the +0 whip "Zebb" {holy, +Rage +Fly rC+} (You found it on level 1 of the Elven Halls)
 10063 | Elf:3    | Found a portal to a secret trove of treasure.
 10110 | Elf:3    | Noticed a deep elf sorcerer
 10115 | Elf:3    | Killed a deep elf sorcerer
 10191 | Elf:3    | Reached skill level 14 in Spellcasting
 10317 | Elf:3    | Cast into level 2 of the Abyss (a deep elf demonologist)
 10544 | Abyss:3  | Found a corrupted altar of Lugonu.
 10656 | Abyss:3  | Noticed a tentacled starspawn
 10659 | Abyss:3  | Killed a tentacled starspawn
 10659 | Abyss:3  | Reached skill level 5 in Stealth
 10680 | Abyss:3  | Noticed a starcursed mass
 10712 | Abyss:3  | Reached XP level 15. HP: 88/88 MP: 16/35
 10721 | Abyss:3  | Noticed a Hell Sentinel
 10772 | Elf:3    | Escaped the Abyss
 10779 | Elf:3    | Noticed a deep elf sorcerer
 10784 | Elf:3    | Killed a deep elf sorcerer
 10789 | Elf:3    | Noticed a deep elf sorcerer
 10790 | Elf:3    | Noticed a deep elf blademaster
 10864 | Elf:3    | Killed a deep elf sorcerer
 10864 | Elf:3    | Reached skill level 10 in Stealth
 10871 | Elf:3    | Noticed a deep elf blademaster
 10873 | Elf:3    | Killed a deep elf blademaster
 11019 | Elf:3    | Noticed a deep elf master archer
 11019 | Elf:3    | Noticed a deep elf master archer
 11019 | Elf:3    | Noticed a deep elf sorcerer
 11085 | Elf:3    | Killed a deep elf blademaster
 11230 | Elf:3    | Killed a deep elf master archer
 11308 | Elf:3    | Killed a deep elf sorcerer
 11329 | Elf:3    | Killed a deep elf master archer
 11330 | Elf:3    | Noticed a deep elf sorcerer
 11331 | Elf:3    | Killed a deep elf sorcerer
 11407 | Elf:3    | Identified the ring of Tiqy {Wiz Int+2} (You took it off a deep elf death mage on level 3 of the Elven Halls)
 11423 | Elf:3    | Got a pitted granite ring
 11520 | Elf:3    | Reached XP level 16. HP: 85/93 MP: 15/36
 11525 | Elf:3    | Reached skill level 15 in Spellcasting
 11636 | Elf:3    | Identified the Grimoire of Black Rites and Poisoning
 11642 | Elf:3    | Got a transparent brass ring
 11666 | Elf:3    | Got an ancient ring mail
 11677 | Elf:3    | Identified the +5 ring mail of Exclusion {*Slow rElec Dex+3} (You found it on level 3 of the Elven Halls)
 11688 | Elf:3    | Identified the ring "Rismiaro" {+Fly Dex+2} (You took it off a deep elf elementalist on level 3 of the Elven Halls)
 11690 | Elf:3    | Identified the ring of Netasch {rN+ Stlth-} (You took it off a deep elf death mage on level 3 of the Elven Halls)
 11698 | Elf:3    | Learned a level 4 spell: Passage of Golubria
 11701 | Elf:3    | Learned a level 2 spell: Blink
 11720 | Elf:3    | Got a bloodstained shortbow
 11721 | Elf:3    | Identified the +7 shortbow of Imbalance {freeze, +Inv} (You found it on level 3 of the Elven Halls)
 11956 | Elf:2    | Noticed Donald
 11974 | Elf:2    | Killed Donald
 12356 | Elf:1    | Bought a potion of haste for 160 gold pieces
 12356 | Elf:1    | Bought a potion of curing for 48 gold pieces
 12356 | Elf:1    | Bought a potion of mutation for 128 gold pieces
 12356 | Elf:1    | Bought a potion of brilliance for 64 gold pieces
 12477 | D:11     | Identified 2 scrolls of acquirement
 12478 | D:11     | Found the +2 pair of boots of the Assassin {Detection Stab+ Stlth++}
 12573 | D:9      | Found a staircase to the Lair.
 12589 | Lair:1   | Entered Level 1 of the Lair of Beasts
 12591 | Lair:1   | Reached ****** piety under Vehumet
 12594 | Lair:1   | Offered knowledge of Poison Arrow by Vehumet.
 12805 | Lair:2   | Found a staircase to the Snake Pit.
 13258 | Lair:6   | Entered Level 6 of the Lair of Beasts
 13286 | Lair:6   | Offered knowledge of Ozocubu's Refrigeration by Vehumet.
 13441 | Lair:6   | Reached skill level 16 in Spellcasting
 13639 | Lair:6   | Reached XP level 17. HP: 97/97 MP: 21/39
 13775 | Lair:5   | Identified the Handbook of the Entourage
 14076 | Lair:4   | Offered knowledge of Bolt of Fire by Vehumet.
 14145 | Lair:4   | Learned a level 6 spell: Bolt of Fire
 14190 | Lair:3   | Noticed Gastronok
 14195 | Lair:3   | Killed Gastronok
 14279 | Lair:2   | Found a staircase to the Swamp.
 14325 | Swamp:1  | Entered Level 1 of the Swamp
 14417 | Swamp:1  | Identified the +4 helmet "Degixkee" {rF+ Str+3 Int+7} (You found it on level 1 of the Swamp)
 14527 | Swamp:2  | Reached XP level 18. HP: 103/103 MP: 29/40
 14819 | Swamp:4  | Entered Level 4 of the Swamp
 14862 | Swamp:4  | Reached skill level 17 in Spellcasting
 15037 | Swamp:4  | Offered knowledge of Fire Storm by Vehumet.
 15037 | Swamp:4  | Offered knowledge of Glaciate by Vehumet.
 15037 | Swamp:4  | Offered knowledge of Ignition by Vehumet.
 15062 | Swamp:4  | Learned a level 9 spell: Fire Storm
 15278 | Swamp:4  | Got a decaying rune of Zot
 15310 | Swamp:4  | Reached skill level 18 in Spellcasting
 15367 | Swamp:4  | jacquesderrida: Da
 15551 | Snake:1  | Entered Level 1 of the Snake Pit
 15650 | Snake:1  | Gained mutation: You are frail. (-10% HP) [mutagenic meat]
 15651 | Snake:1  | Lost mutation: Armour fits poorly on your strangely shaped body. [mutagenic meat]
 15858 | Snake:2  | Reached skill level 19 in Spellcasting
 15988 | Snake:3  | Noticed Jorgrun
 15994 | Snake:3  | Killed Jorgrun
 15994 | Snake:3  | Reached XP level 19. HP: 84/96 MP: 27/44
 16026 | Snake:4  | Entered Level 4 of the Snake Pit
 16163 | Snake:4  | Reached skill level 1 in Armour
 16186 | Snake:4  | Lost mutation: Your spells are a little harder to cast, but a little more powerful. [mutagenic meat]
 16188 | Snake:4  | Gained mutation: You occasionally shout uncontrollably at your foes. [mutagenic meat]
 16214 | Snake:4  | Lost mutation: You possess an exceptional clarity of mind. [potion of mutation]
 16214 | Snake:4  | Lost mutation: You have a pair of small horns on your head. [potion of mutation]
 16214 | Snake:4  | Gained mutation: Your magical capacity is low. (-10% MP) [potion of mutation]
 16214 | Snake:4  | Gained mutation: You are somewhat resistant to further mutation. [potion of mutation]
 16215 | Snake:4  | Lost mutation: You are frail. (-10% HP) [potion of mutation]
 16215 | Snake:4  | Lost mutation: Your magical capacity is low. (-10% MP) [potion of mutation]
 16215 | Snake:4  | Lost mutation: You are covered in fur. (AC +1) [potion of mutation]
 16215 | Snake:4  | Gained mutation: You are partially covered in iridescent scales. (AC +2) [potion of mutation]
 16648 | Snake:4  | Reached skill level 20 in Spellcasting
 16963 | Snake:4  | Reached skill level 5 in Armour
 17239 | Snake:4  | Got a pitted cloak
 17239 | Snake:4  | Got a serpentine rune of Zot
 17245 | Snake:4  | Identified the +0 cloak of Eschadghukhy {Str+4} (You found it on level 4 of the Snake Pit)
 17576 | Lair:6   | Found a staircase to the Slime Pits.
 17577 | Lair:6   | Found a viscous altar of Jiyva.
 17588 | Slime:1  | Entered Level 1 of the Pits of Slime
 17588 | Slime:1  | Found a viscous altar of Jiyva.
 17597 | Slime:2  | HP: 2/107 [acid blob/splash of acid (6)]
 17597 | Slime:2  | Splashed by an acid blob's acid

Vault maps used:
D:1:      dpeg_arrival_snail, cheibriados_altar_1
D:2:      first_bread, uniq_sigmund
D:3:      fedhas_altar_fruit_tree
D:4:      cheibrodos_old_hovel, uniq_grinder
D:5:      serial_shops, shop, bh_chokoban, uniq_eustachio
D:6:      temple_green, gup_sewer_entry_spiral
D:7:      serial_shops, nicolae_shop_crystal, nicolae_shop_statue_plus,
          nicolae_shop_behind_doors, nicolae_shop_waterfront,
          nicolae_shop_crystal, uniq_pikel, uniq_prince_ribbit1
D:8:      kennysheep_little_box, serial_curves, eino_curves_03, eino_curves_02,
          eino_curves_03, special_room, trog_eyes_of_draining
D:9:      minmay_lair_entry_lava
D:10:     uniq_josephine
D:11:     hangedman_little_slice_of_home
D:12:     erik_orc_4
D:13:     david_vaults_4, serial_shops, shop
D:14:     uniq_snorg
D:15:     hangedman_depths_entry_civil_slaughter, basic_altar,
          lemuel_crystal_altar, minmay_misc_feat_diagonals, uniq_rupert,
          uniq_agnes, uniq_urug
Temple:   kilobyte_greek_temple
Lair:1:   grunt_megastairs_3
Lair:2:   swamp_mist, guppyfry_snake_entry_island,
          nicolae_lair_grove_arrangements, grunt_forest_small_clearings,
          uniq_erica
Lair:3:   lemuel_fruit_fields, uniq_gastronok
Lair:4:   minivault_26, grunt_forest_large_clearings
Lair:5:   infiniplex_staircase_pool_2
Lair:6:   grunt_lair_end_beastmaster, slime_altar_1
Swamp:1:  evilmike_swamp_ruin_house_2
Swamp:2:  evilmike_swamp_ruin_house_4, uniq_frances
Swamp:3:  evilmike_swamp_ruin_rubble_1
Swamp:4:  swamp_alternative
Snake:2:  minmay_shop_grove, uniq_aizul, uniq_vashnia, uniq_kirke
Snake:3:  grunt_megastairs_2, basic_stair_grate_trap, uniq_jorgrun
Snake:4:  johnstein_snake_rune_scales, statue_in_the_mist_lemuel
Slime:1:  basic_altar, cheibrodos_slime_lost_civilization_7
Orc:1:    david_defended_altar_orc
Orc:2:    kennysheep_orc_mage_school
Elf:1:    serial_shops, nicolae_shop_crystal, nicolae_shop_statue_plus, shop,
          shop, kennysheep_underground_church, uniq_asterion
Elf:2:    uniq_donald
Elf:3:    elf_hall, nicolae_trove_entry_path_of_doom
Abyss:2:  evilmike_abyss_exit_15, minivault_26, hangedman_stitches_earthworm
Abyss:3:  hangedman_classic_abyss_death, evilmike_abyss_rune_tso_outpost
Sewer:    sewer_kobolds

Skill      XL: |  1  2  3  4  5  6  7  8  9 10 11 12 13 14 15 16 17 18 19 |
---------------+----------------------------------------------------------+-----
Conjurations   | 2 3 4 5 6 8 10 11 13 14 15 16 17 18 19 | 19.5
Spellcasting   | 4 5 6 7 9 10 11 13 14 16 19 20 | 20.6
Fire Magic     | 4 5 6 7 8 10 11 13 14 15 16 18 19 | 19.3
Fighting       | 5 8 |  8.0
Dodging        | 8 9 |  9.0
Stealth        | 6 10 | 10.1
Armour         | 5 |  5.7

Action                   |  1- 3 |  4- 6 |  7- 9 | 10-12 | 13-15 | 16-18 | 19-21 || total
-------------------------+-------+-------+-------+-------+-------+-------+-------++-------
Melee: Dagger            |     8 |       |       |       |       |       |       ||     8
       Mace              |       |     1 |     5 |       |       |       |       ||     6
       Scythe            |       |       |    69 |   253 |    24 |    83 |    46 ||   475
       Headbutt          |       |       |       |     4 |     4 |    12 |     2 ||    22
Throw: Throwing net      |       |       |       |     2 |       |       |       ||     2
 Cast: Flame Tongue      |    37 |    78 |   137 |    64 |     2 |       |       ||   318
       Conjure Flame     |     1 |     3 |    13 |    36 |     9 |     2 |       ||    64
       Sticky Flame      |       |     1 |    37 |    39 |    30 |    58 |    16 ||   181
       Fireball          |       |       |     2 |    84 |   159 |   200 |    23 ||   468
       Orb of Destructio |       |       |       |    15 |    37 |    21 |    14 ||    87
       Regeneration      |       |       |       |       |     5 |     2 |     2 ||     9
       Iron Shot         |       |       |       |       |     7 |    43 |    22 ||    72
       Passage of Golubr |       |       |       |       |       |     3 |       ||     3
       Bolt of Fire      |       |       |       |       |       |    38 |    17 ||    55
       Apportation       |       |       |       |       |       |     2 |     3 ||     5
       Fire Storm        |       |       |       |       |       |     6 |    19 ||    25
Evoke: Wand              |       |       |       |     3 |     9 |     7 |     3 ||    22
       Phantom mirror    |       |       |       |     1 |       |       |       ||     1
  Use: Potion            |     3 |       |       |     7 |     9 |     5 |     7 ||    31
       Scroll            |       |     5 |     8 |    14 |    15 |    19 |     5 ||    66
 Stab: Sleeping          |       |       |     2 |       |       |       |       ||     2
       Distracted        |       |       |     1 |     1 |       |       |       ||     2
       Confused          |       |       |       |     1 |       |       |       ||     1
  Eat: Chunk             |       |     2 |    10 |    28 |    14 |     7 |     3 ||    64
       Fruit             |       |       |     3 |       |     4 |    17 |     2 ||    26
       Royal jelly       |       |       |       |     1 |     7 |     1 |     6 ||    15
Armor: Robe              |     5 |     1 |       |    52 |    23 |    47 |     1 ||   129
       Ring mail         |       |    12 |    57 |    89 |       |       |       ||   158
       Skin              |       |       |       |     3 |       |       |       ||     3
       Swamp dragon scal |       |       |       |       |       |    12 |    39 ||    51
Dodge: Dodged            |    31 |    15 |    53 |   236 |    61 |   172 |    57 ||   625

Table legend:
 A = Spawn XP
 B = Non-spawn XP
 C = Spawn XP percentage of total XP
 D = Spawn monster count
 E = Non-spawn monster count
 F = Spawn count percentage of total count
 G = Total turns spent on level
                    A         B        C        D         E        F      G
               +---------+---------+-------+---------+---------+-------+---------
         Total |    4878 |  349256 |   1.4 |       7 |    1054 |   0.7 | 17597
               +---------+---------+-------+---------+---------+-------+---------
           D:1 |       0 |      33 |   0.0 |       0 |      22 |   0.0 |   390
           D:2 |       0 |     376 |   0.0 |       0 |      25 |   0.0 |   426
           D:3 |       0 |     212 |   0.0 |       0 |      10 |   0.0 |   430
           D:4 |       0 |    1069 |   0.0 |       0 |      22 |   0.0 |   545
           D:5 |       0 |     520 |   0.0 |       0 |      21 |   0.0 |   729
           D:6 |       0 |     414 |   0.0 |       0 |      20 |   0.0 |   540
           D:7 |       0 |    1934 |   0.0 |       0 |      27 |   0.0 |   691
           D:8 |       0 |    3959 |   0.0 |       0 |      54 |   0.0 |   654
           D:9 |       0 |    2027 |   0.0 |       0 |      32 |   0.0 |   582
          D:10 |       0 |    2854 |   0.0 |       0 |      23 |   0.0 |   453
          D:11 |       0 |     642 |   0.0 |       0 |      12 |   0.0 |   367
          D:12 |       0 |    2942 |   0.0 |       0 |      27 |   0.0 |   501
          D:13 |       0 |    9454 |   0.0 |       0 |      49 |   0.0 |   657
          D:14 |       0 |    4746 |   0.0 |       0 |      32 |   0.0 |   437
          D:15 |       0 |    3188 |   0.0 |       0 |      15 |   0.0 |    52
        Lair:1 |       0 |    3751 |   0.0 |       0 |      15 |   0.0 |   130
        Lair:2 |       0 |    5099 |   0.0 |       0 |      23 |   0.0 |   299
        Lair:3 |       0 |    7757 |   0.0 |       0 |      22 |   0.0 |   333
        Lair:4 |       0 |    8466 |   0.0 |       0 |      44 |   0.0 |   297
        Lair:5 |       0 |    4989 |   0.0 |       0 |      18 |   0.0 |   425
        Lair:6 |       0 |   18242 |   0.0 |       0 |      54 |   0.0 |   526
       Swamp:1 |       0 |    5194 |   0.0 |       0 |      14 |   0.0 |   158
       Swamp:2 |       0 |    5592 |   0.0 |       0 |      14 |   0.0 |   176
       Swamp:3 |       0 |    6512 |   0.0 |       0 |      18 |   0.0 |   257
       Swamp:4 |       0 |   32876 |   0.0 |       0 |      68 |   0.0 |   593
       Snake:1 |       0 |    7677 |   0.0 |       0 |      17 |   0.0 |   205
       Snake:2 |       0 |    6357 |   0.0 |       0 |      13 |   0.0 |   259
       Snake:3 |       0 |    4656 |   0.0 |       0 |       5 |   0.0 |    59
       Snake:4 |       0 |   54052 |   0.0 |       0 |      95 |   0.0 |  1282
       Slime:2 |       0 |     481 |   0.0 |       0 |       1 |   0.0 |     4
         Orc:1 |       0 |    1594 |   0.0 |       0 |      11 |   0.0 |   220
         Orc:2 |       0 |    9997 |   0.0 |       0 |      57 |   0.0 |   703
         Elf:1 |       0 |   29300 |   0.0 |       0 |      45 |   0.0 |  1211
         Elf:2 |       0 |   28838 |   0.0 |       0 |      43 |   0.0 |   655
         Elf:3 |       0 |   71290 |   0.0 |       0 |      70 |   0.0 |  1680
       Abyss:2 |    1744 |     248 |  87.6 |       5 |       1 |  83.3 |   227
       Abyss:3 |    3134 |    1801 |  63.5 |       2 |       4 |  33.3 |   228
         Sewer |       0 |     117 |   0.0 |       0 |      11 |   0.0 |   141
               +---------+---------+-------+---------+---------+-------+---------
